 Dungeon Crawl Stone Soup version 0.30-a0-4-ga7cffc901d (webtiles) character file.

Game seed: 3264410188555510507

99 greenreed the Chiller (level 4, -1/30 HPs)
             Began as a Merfolk Ice Elementalist on Aug 21, 2022.
             Shot with a sling bullet by a goblin (6 damage)
             ... led by Robin
             ... on level 3 of the Dungeon.
             The game lasted 00:04:51 (2013 turns).

greenreed the Chiller (Merfolk Ice Elementalist)    Turns: 2013, Time: 00:04:51

Health: -1/30      AC:  3    Str:  8    XL:     4   Next: 72%
Magic:  5/8        EV: 13    Int: 16    God:
Gold:   80         SH:  0    Dex: 14    Spells: 1/8 levels left

rFire   . . .      SeeInvis .    o - +0 spear (distort)
rCold   . . .      Faith    .    (no shield)
rNeg    . . .      Spirit   .    a - +0 robe
rPois   .          Reflect  .    (no helmet)
rElec   .          Harm     .    (no cloak)
rCorr   .          Rampage  .    (no gloves)
Will    .....                    j - +0 pair of boots
Stlth   ++........               (no amulet)
HPRegen 0.10/turn                c - +4 ring of slaying
MPRegen 0.11/turn                (no ring)

@: freezing walls
A: (nimble swimmer 2), mertail
a: no special abilities


You were on level 3 of the Dungeon.
You visited 1 branch of the dungeon, and saw 3 of its levels.

You collected 80 gold pieces.

Inventory:

Hand Weapons
 h - a +0 arbalest
 o - a +0 spear of distortion (weapon)
Armour
 a - a +0 robe (worn)
 j - a +0 pair of boots (worn)
Magical Staves
 n - a staff of conjuration
Jewellery
 c - a +4 ring of slaying (left hand)
Scrolls
 d - a scroll of enchant armour {unknown}
 e - a scroll of vulnerability {unknown}
 i - a scroll of butterflies {unknown}
 k - a scroll of enchant weapon {unknown}
 l - 2 scrolls of silence {unknown}
 m - a scroll of noise {unknown}
 p - a scroll of identify {unknown}
 q - 2 scrolls of poison {unknown}
Potions
 b - a potion of magic
 f - 2 potions of curing {unknown}
 g - a potion of heal wounds {unknown}


   Skills:
 + Level 0.2 Fighting
 + Level 2.9 Dodging
 + Level 2.5 Stealth
 + Level 2.9 Spellcasting
 + Level 5.7 Ice Magic


You had one spell level left.
You knew the following spells:

 Your Spells              Type           Power      Damage    Failure   Level
a - Freeze                Ice            80%        1d9       1%          1
b - Frozen Ramparts       Ice            40%        1d7       5%          3
c - Ozocubu's Armour      Ice            20%        N/A       5%          3

Your spell library contained the following spells:

 Spells                   Type           Power      Damage    Failure   Level
 Hailstorm                Conj/Ice       11%        3d5       50%         4
 Dispersal                Tloc           1%         N/A       100%        6
 Disjunction              Tloc           1%         N/A       100%        8


Dungeon Overview and Level Annotations

Branches:
Dungeon (3/15)

Altars:

Annotations:
D:3 Robin


Innate Abilities, Weirdness & Mutations

((You are very nimble when in or above water. (Stealth+, EV+, Speed+++)))
Your lower body shifts to a powerful aquatic tail in water.


Message History

You barely miss the goblin. The goblin hits you with a +0 club.
The hobgoblin hits you.
You are too injured to fight recklessly!
The goblin attacks as you move away! The goblin barely misses you.
The hobgoblin attacks as you move away! The hobgoblin barely misses you.
Things that are here:
a +0 dagger; a +0 sling You are too injured to fight recklessly!
The goblin attacks as you move away! The goblin hits you with a +0 club.
* * * LOW HITPOINT WARNING * * *
Robin throws the goblin at you! The goblin hits you with a +0 dagger.
* * * LOW HITPOINT WARNING * * *
The goblin no longer looks unusually strong.
You are too injured to fight recklessly!
Casting: Freeze (safe; 1% risk of failure)
Confirm with . or Enter, or press ? or * to list all spells.
Casting: Frozen Ramparts (dangerous; 5% risk of failure)
Press: ? - help, Dir - look around, f - activate The walls around you are covered in ice.
The hobgoblin no longer looks unusually strong.
The goblin no longer looks unusually strong.
The wall freezes the goblin.
The wall freezes the hobgoblin.
You kill the hobgoblin!
The wall freezes the goblin.
You kill the goblin!
The goblin shoots a sling bullet.
The sling bullet misses you.
You barely miss the goblin.
The goblin is moderately wounded.
The wall freezes the goblin.
You kill the goblin!
Unknown command.
The wall freezes the hobgoblin.
You kill the hobgoblin!
The wall freezes the goblin.
The goblin shoots a sling bullet.
The sling bullet barely misses you.
You hear a shout!
The wall freezes the goblin.
The goblin shoots a sling bullet.
The sling bullet hits you.
You die...

. #.#...........##### # ..
..#.#.)....#....#####.# .
.#...........#.(.....#
..................######
..##.........#.g..)(###### ...
#........###g###.#....# ..#
#.#....>.# #)# #).g...#
#.####........###.# ##)g...#
..............#.@)####.....#
.....#.##...........###....#
#..#...##..>........# #....###
#.....# #.#.........# ##.....##
.....####.#.........###.......##
#.##......#.........##.........#
..#####...#.....)...##.........#
### #..#.....########..g......#
# #.###†......# #.........#


You could see Robin and a goblin.

Vanquished Creatures
  4 adders
  A worm (D:3)
  An orc (D:3)
  5 ball pythons
  6 bats
  7 endoplasms
  3 giant cockroaches
  11 goblins
  4 hobgoblins
  3 quokkas (D:1)
  2 frilled lizards (D:1)
  2 kobolds
  4 rats
53 creatures vanquished.

Notes
Turn   | Place    | Note
-------+----------+-------------------------------------------
     0 | D:1      | greenreed the Merfolk Ice Elementalist began the quest for
                  | the Orb.
     0 | D:1      | Reached XP level 1. HP: 13/13 MP: 3/3
   322 | D:1      | Reached XP level 2. HP: 12/19 MP: 0/5
   889 | D:1      | Reached skill level 5 in Ice Magic
  1064 | D:2      | Reached XP level 3. HP: 24/24 MP: 6/6
  1185 | D:2      | Found a faded altar of an unknown god.
  1356 | D:2      | Reached XP level 4. HP: 24/30 MP: 7/7
  1935 | D:3      | Learned a level 3 spell: Frozen Ramparts
  1945 | D:3      | Learned a level 3 spell: Ozocubu's Armour
  1975 | D:3      | Noticed Robin
  2013 | D:3      | Shot with a sling bullet by a goblin

Illustrated notes

Levels and vault maps discovered:
D:1:      dpeg_arrival_pits, layout_loops_ring, hangedman_decor_clover_reticule
D:2:      layout_basic, serial_forest, infiniplex_forest_lined_1,
          infiniplex_forest_straight_4, infiniplex_forest_clump_small,
          infiniplex_forest_end_2, infiniplex_forest_lined_3,
          infiniplex_forest_end_3, infiniplex_forest_lined_room_2,
          infiniplex_forest_pool, shapermc_ecumenical_altar_mp_urbaneastern
D:3:      layout_rooms, nicolae_overflow_crystal_walls, interstate_on_off,
          uniq_robin, uniq_crazy_yiuf_cottage

Skill      XL: |  1  2 |
---------------+-------+-----
Ice Magic      | 5 |  5.7
Fighting       | |  0.2
Dodging        | |  2.9
Stealth        | |  2.5
Spellcasting   | |  2.9

Action                   |  1- 3 |  4- 6 || total
-------------------------+-------+-------++-------
Melee: Spear             |       |    29 ||    29
 Fire: Arbalest          |    25 |    13 ||    38
 Cast: Freeze            |    20 |     2 ||    22
       Frozen Ramparts   |       |     1 ||     1
 Stab: Sleeping          |       |     2 ||     2
Armor: Robe              |     7 |     6 ||    13
Dodge: Dodged            |    10 |    28 ||    38

Table legend: (Time is in decaauts)
 A = Elapsed time spent in this place.
 B = Non-inter-level travel time spent in this place.
 C = Inter-level travel time spent in this place.
 D = Time resting spent in this place.
 E = Time spent auto-exploring this place.
 F = Levels seen in this place.
 G = Mean time per level.
                   A        B        C        D        E       F      G
               +--------+--------+--------+--------+--------+-----+--------+
         Total |   2047 |   1987 |     60 |      0 |   1649 |   3 |  682.3 |
       Dungeon |   2047 |   1987 |     60 |      0 |   1649 |   3 |  682.3 |
               +--------+--------+--------+--------+--------+-----+--------+

Top non-repeatable levels by time:
     D:1: 1023 daAuts
     D:2: 815 daAuts
     D:3: 208 daAuts
